 Dungeon Crawl Stone Soup version 0.31-a0-4-gefa6de2278 (webtiles) character file.

Game seed: 814828525299352804

77 CowFu the Slasher (level 4, -2/35 HPs)
             Began as a Human Fighter on May 4, 2023.
             Slain by a gnoll
             ... wielding a +0 flail
              (9 damage)
             ... on level 3 of the Dungeon.
             The game lasted 00:01:51 (1951 turns).

CowFu the Slasher (Human Fighter)                   Turns: 1951, Time: 00:01:51

Health: -2/35      AC:  7    Str: 19    XL:     4   Next: 60%
Magic:  4/4        EV:  6    Int:  8    God:
Gold:   94         SH: 14    Dex: 12    Spells: 3/3 levels left

rFire   . . .        a - +0 long sword
rCold   . . .        i - +2 tower shield
rNeg    . . .        b - +0 scale mail
rPois   .            (no helmet)
rElec   .            (no cloak)
rCorr   .            h - +0 pair of gloves
SInv    .            (no boots)
Will    .....        g - amulet of magic regeneration Stlth
                     (no ring)
HPRegen 0.25/turn    (no ring)
MPRegen 0.49/turn

%: no passive effects
@: no status effects
A: no striking features
a: no special abilities


You were on level 3 of the Dungeon.
You visited 1 branch of the dungeon, and saw 3 of its levels.

You collected 94 gold pieces.

Inventory:

Hand Weapons
 a - a +0 long sword (weapon)
Armour
 b - a +0 scale mail (worn)
 h - a +0 pair of gloves (worn)
 i - a +2 tower shield (worn)
Jewellery
 g - an amulet of magic regeneration (around neck)
 k - an amulet of reflection
 n - a +6 ring of strength
Scrolls
 e - a scroll of fog
 j - a scroll of poison {unknown}
 l - a scroll of amnesia {unknown}
 m - a scroll of enchant armour {unknown}
 s - 2 scrolls of teleportation {unknown}
 t - a scroll of magic mapping {unknown}
 u - a scroll of enchant weapon {unknown}
Potions
 d - a potion of might
 o - a potion of magic
 p - 2 potions of heal wounds
 q - a potion of brilliance {unknown}
 r - a potion of curing {unknown}


   Skills:
 - Level 3.0 Fighting
 + Level 3.9 Long Blades
 - Level 3.0 Armour
 + Level 3.6 Shields


You had 3 spell levels left.
You didn't know any spells.
Your spell library contained the following spells:

 Spells                   Type           Power      Damage    Failure   Level
 Gell's Gravitas          Tloc           0%         N/A       100%        3
 Teleport Other           Tloc           0%         N/A       100%        3
 Dispersal                Tloc           0%         N/A       100%        6


Dungeon Overview and Level Annotations

Branches:
Dungeon (3/15)

Altars:


Message History

A goblin comes into view. It is wielding a +0 club.
You block the gnoll's attack. x2
There are monsters nearby!
There are monsters nearby!
You hit the gnoll.
The gnoll is almost dead.
You block the goblin's attack. The gnoll hits you but does no damage.
You slash the gnoll!
You kill the gnoll!
You block the goblin's attack.
You slash the goblin!
You kill the goblin!
You block the gnoll's attack. The gnoll hits you with a +0 flail!
You block the gnoll's attack.
You closely miss the gnoll. The gnoll hits you with a +0 flail.
You block the gnoll's attack.
You barely miss the gnoll. The gnoll hits you with a +0 flail!
* * * LOW HITPOINT WARNING * * *
The gnoll barely misses you. x2
The gnoll hits you from afar with a +0 spear.
* * * LOW HITPOINT WARNING * * *
You are too injured to fight recklessly!
You are too injured to fight recklessly!
You are too injured to fight recklessly!
You are too injured to fight recklessly!
You are too injured to fight recklessly!
You are too injured to fight recklessly!
You are too injured to fight recklessly!
You are too injured to fight recklessly!
You are too injured to fight recklessly!
You are too injured to fight recklessly!
You are too injured to fight recklessly!
You are too injured to fight recklessly!
The gnoll attacks as you move away! You block the gnoll's attack.
You see here a scroll labelled KINYZX KOCEKIROE.
s - 2 scrolls labelled KINYZX KOCEKIROE (gained 1)
You block the gnoll's attack. The gnoll attacks as you move away!
You block the gnoll's attack. The gnoll attacks as you move away!
The gnoll hits you with a +0 flail!
You die...

#.# ..# #.# ..# #.# .. #.#
#.# #.# .. #.# .#
#################.##.##.
..##...@g.gg.......)....
#.##.###########..#####.
#.##.# ######..#
###.###<##.# #.......#
...........# #.####..#
###.######)# #.# #..#####.
##.##.## #.# ##........
.#......#####.###...†#.##.
.~.............<...........


You could see 3 gnolls.

Vanquished Creatures
  2 adders
  A gnoll (D:3)
  A worm (D:2)
  3 dart slugs
  6 ball pythons
  6 bats
  An endoplasm (D:2)
  A giant cockroach (D:1)
  2 goblins
  6 hobgoblins
  3 kobolds
  A quokka (D:1)
  2 frilled lizards
  5 rats
40 creatures vanquished.

Notes
Turn   | Place    | Note
-------+----------+-------------------------------------------
     0 | D:1      | CowFu the Human Fighter began the quest for the Orb.
     0 | D:1      | Reached XP level 1. HP: 18/18 MP: 1/1
    68 | D:1      | Reached XP level 2. HP: 24/24 MP: 2/2
   392 | D:1      | Reached XP level 3. HP: 29/29 MP: 3/3
  1496 | D:2      | Reached XP level 4. HP: 35/35 MP: 4/4
  1951 | D:3      | Slain by a gnoll

Illustrated notes

Levels and vault maps discovered:
D:1:      erik_arrival_cave_to_civilisation [erik_arrival_cave_to_hall],
          layout_basic, hangedman_decor_opposing
D:2:      layout_loops_ring, hangedman_decor_growths,
          chequers_serial_rivers_micro_b
D:3:      layout_loops_ring, nicolae_qazlal_scattered_showers, serial_rivers,
          chequers_serial_rivers_small_3, chequers_serial_rivers_large_b,
          chequers_serial_rivers_micro_c, chequers_serial_rivers_micro_d,
          chequers_serial_rivers_small_a

Skill      XL: |  1  2 |
---------------+-------+-----
Long Blades    | 3 |  3.9
Fighting       | |  3.0
Armour         | |  3.0
Shields        | |  3.6

Action                     |  1- 3 |  4- 6 || total
---------------------------+-------+-------++-------
  Melee: Long sword        |   112 |    35 ||   147
    Use: Scroll            |       |     4 ||     4
 Armour: Scale mail        |    64 |     8 ||    72
  Dodge: Dodged            |    47 |     4 ||    51
  Block: Buckler           |    10 |       ||    10
         Tower shield      |    63 |    30 ||    93

Table legend: (Time is in decaauts)
 A = Elapsed time spent in this place.
 B = Non-inter-level travel time spent in this place.
 C = Inter-level travel time spent in this place.
 D = Time resting spent in this place.
 E = Time spent auto-exploring this place.
 F = Levels seen in this place.
 G = Mean time per level.
                   A        B        C        D        E       F      G
               +--------+--------+--------+--------+--------+-----+--------+
         Total |   2023 |   1962 |     61 |      0 |   1518 |   3 |  674.3 |
       Dungeon |   2023 |   1962 |     61 |      0 |   1518 |   3 |  674.3 |
               +--------+--------+--------+--------+--------+-----+--------+

Top non-repeatable levels by time:
     D:1: 1039 daAuts
     D:2: 897 daAuts
     D:3: 86 daAuts
